 Dungeon Crawl Stone Soup version 0.25-a0-435-g4b9beb1024 (webtiles) character file.

Game seed: 11755136019040251184, levelgen mode: deterministic

3761 OlSheep the Thaumaturge (level 9, -8/48 HPs)
             Began as a Deep Elf Venom Mage on Jan 26, 2020.
             Was a Follower of Sif Muna.
             Killed from afar by an electric eel (11 damage)
             ... with a bolt of electricity
             ... on level 9 of the Dungeon on Jan 27, 2020.
             The game lasted 00:55:55 (11151 turns).

OlSheep the Thaumaturge (Deep Elf Venom Mage)      Turns: 11151, Time: 00:55:56

Health: -8/48      AC:  5    Str:  5    XL:     9   Next: 94%
Magic:  17/28      EV: 14    Int: 24    God:    Sif Muna [*.....]
Gold:   351        SH:  4    Dex: 15    Spells: 14/35 levels left

rFire    . . .     SeeInvis .   G - +2 shortbow (flame)
rCold    . . .     Gourm    .   (shield currently unavailable)
rNeg     . . .     Faith    .   B - +1 robe {MR+}
rPois    .         Spirit   .   (no helmet)
rElec    .         Reflect  +   (no cloak)
rCorr    .         Harm     .   C - +0 pair of gloves
MR       +....                  t - +0 pair of boots
Stlth    +++.......             y - +4 amulet of reflection
HPRegen  0.16/turn              E - ring of wizardry
MPRegen  0.21/turn              (no ring)

@: no status effects
A: no striking features
a: Channel Magic, Renounce Religion


You were on level 9 of the Dungeon.
You worshipped Sif Muna.
Sif Muna was aware of your devotion.
You were not hungry.

You visited 2 branches of the dungeon, and saw 10 of its levels.
You also visited: Sewer.

You collected 351 gold pieces.

Inventory:

Hand Weapons
 A - a +0 hand axe of electrocution
 G - a +2 shortbow of flaming (weapon)
Missiles
 i - 55 poisoned darts
 F - 181 arrows (quivered)
Armour
 b - a +2 ring mail of poison resistance
 g - a +0 leather armour of cold resistance
 o - a +0 large shield
 t - a +0 pair of boots (worn)
 B - a +1 robe of magic resistance (worn)
 C - a +0 pair of gloves (worn)
 K - a +0 shield
Jewellery
 y - a +4 amulet of reflection (around neck)
 E - a ring of wizardry (left hand)
 J - an uncursed ring of positive energy {unknown}
Wands
 d - a wand of iceblast (8)
 v - a wand of disintegration (17)
 D - a wand of acid (10)
Scrolls
 a - a scroll of amnesia
 f - 2 scrolls of identify
 k - 6 scrolls of fog
 l - 2 scrolls of fear
 m - 5 scrolls of teleportation
 n - 5 scrolls of magic mapping
 p - 6 scrolls of remove curse
 r - 2 scrolls of enchant armour
 z - a scroll of immolation
Potions
 e - a potion of resistance
 h - 2 potions of agility
 j - a potion of heal wounds {unknown}
 q - a potion of mutation {unknown}
 s - 2 potions of lignification {unknown}
 u - 3 potions of might {unknown}
 w - 2 potions of magic
 x - a potion of brilliance {unknown}
 H - 3 potions of flight {unknown}
 L - a potion of degeneration {unknown}
Comestibles
 c - 19 rations


   Skills:
 * Level 2.3 Fighting
 + Level 3.5 Bows
 * Level 1.0 Armour
 - Level 4.0 Dodging
 - Level 4.0 Stealth
 + Level 13.7 Spellcasting
 + Level 1.6 Conjurations
 - Level 2.0 Transmutations
 - Level 3.0 Fire Magic
 - Level 3.1 Air Magic
 - Level 6.0 Poison Magic


You had 14 spell levels left.
You knew the following spells:

 Your Spells              Type           Power        Failure   Level  Hunger
a - Sting                 Tmut/Pois      ####         1%          1    None
b - Poisonous Vapours     Pois/Air       #####.       1%          2    None
c - Mephitic Cloud        Conj/Pois/Air  ####....     1%          3    None
d - Ignite Poison         Fire/Tmut/Pois ####....     1%          3    None
e - Olgreb's Toxic Radia  Pois           #####...     1%          4    None
f - Blink                 Tloc           N/A          2%          2    None
g - Slow                  Hex            ###.....     2%          2    None
h - Summon Lightning Spi  Summ/Air       ###.....     8%          4    None

Your spell library contained the following spells:

 Spells                   Type           Power        Failure   Level  Hunger
 Magic Dart               Conj           ###.         1%          1    None
 Summon Small Mammal      Summ           ###.         1%          1    None
 Conjure Flame            Conj/Fire      ####....     1%          3    None
 Call Imp                 Summ           ###.....     2%          2    None
 Call Canine Familiar     Summ           ###.....     4%          3    None
 Summon Guardian Golem    Hex/Summ       ###.....     4%          3    None
 Summon Ice Beast         Ice/Summ       ###.....     14%         4    None


Dungeon Overview and Level Annotations

Branches:
Dungeon (9/15)             Temple (1/1) D:6           Sewer (visited)
   Lair: D:8-11         Orc: D:9-12

Altars:
Ashenzari
Cheibriados
Dithmenos
Elyvilon
Fedhas
Gozag
Hepliaklqana
Kikubaaqudgha
Makhleb
Nemelex Xobeh
Okawaru
Qazlal
Ru
Sif Muna
Trog
Uskayaw
Vehumet
Wu Jian
Xom
Yredelemnul
Zin
The Shining One

Shops:
D:7 *


Message History

The bolt of electricity hits you!
* * * LOW HITPOINT WARNING * * *
The troll is engulfed in poison gas.
The troll looks even sicker.
Your lightning spire shoots out a bolt of lightning at the troll!
The bolt of electricity hits the troll!
You hear a howl!
The troll bites your lightning spire but does no damage.
The troll claws your lightning spire!
The troll claws your lightning spire but does no damage.
Your lightning spire shoots out a bolt of lightning at the troll!
The bolt of electricity hits the troll!
The troll dies!
Sif Muna accepts your kill.
Your Armour skill increases to level 1!
There is a stone staircase leading up here.
You see here an arrow.
The hound bites your lightning spire but does no damage.
The electric eel shoots out a bolt of lightning at you!
The bolt of electricity hits you!
You die...

≈.. ###
...≈ ..##
≈≈≈≈ #...
...≈≈ ##..
....≈ ...
..)≈≈.
#.##8h.≈≈≈
#.#...≈≈≈≈
#@(..;≈≈≈≈
##...≈≈≈≈≈
<...≈≈≈≈≈
#.###≈≈≈≈≈
#. ≈;≈≈≈
## ≈≈≈≈
≈≈≈ .≈≈


You could see a hound, 2 electric eels and a friendly lightning spire.

Vanquished Creatures
  A two-headed ogre (D:8)
  A hippogriff (D:7)
  A wraith (D:8)
  2 wyverns (D:8)
  4 ogres
  4 centaurs
  A big kobold (D:8)
  3 bullfrogs
  3 scorpions
  A wight (D:8)
  4 howler monkeys
  2 crimson imps
  3 hounds (D:7)
  A bullfrog skeleton (D:5)
  2 jellies
  2 orc priests
  An iguana (D:6)
  6 orc wizards
  5 worker ants
  A hound zombie (D:5)
  A hound skeleton (D:5)
  10 adders
  8 river rats
  A shadow imp (D:6)
  2 adder skeletons (D:6)
  An adder zombie (D:5)
  5 worms
  2 dart slugs
  10 leopard geckos
  24 orcs
  3 ball pythons
  4 bats (D:1)
  5 giant cockroaches
  7 goblins
  8 hobgoblins
  8 jackals
  12 frilled lizards
  8 kobolds
  11 rats
178 creatures vanquished.

Vanquished Creatures (collateral kills)
  A troll (D:9)
  A wraith (D:8)
  2 centaurs
  2 elf zombies (D:8)
  3 wights (D:8)
  A human zombie (D:8)
  2 mummies (D:8)
  An orc zombie (D:8)
13 creatures vanquished.

Grand Total: 191 creatures vanquished

Notes
Turn   | Place    | Note
-------+----------+-------------------------------------------
     0 | D:1      | OlSheep the Deep Elf Venom Mage began the quest for the
                  | Orb.
     0 | D:1      | Reached XP level 1. HP: 10/10 MP: 6/6
   131 | D:1      | Reached XP level 2. HP: 15/15 MP: 5/8
   867 | D:2      | Reached XP level 3. HP: 19/19 MP: 6/9
   874 | D:2      | Learned a level 2 spell: Poisonous Vapours
   878 | D:2      | Learned a level 3 spell: Mephitic Cloud
  2162 | D:3      | Reached XP level 4. HP: 24/24 MP: 0/11
  2300 | D:3      | Reached skill level 4 in Spellcasting
  2307 | D:3      | Reached skill level 1 in Air Magic
  2379 | D:3      | Found a glowing drain.
  2386 | Sewer    | Entered a sewer
  2459 | Sewer    | Learned a level 3 spell: Ignite Poison
  2725 | Sewer    | Reached XP level 5. HP: 28/28 MP: 8/14
  2766 | Sewer    | Learned a level 4 spell: Olgreb's Toxic Radiance
  2774 | Sewer    | Reached skill level 5 in Spellcasting
  3508 | D:3      | Reached skill level 5 in Poison Magic
  3523 | D:3      | Reached XP level 6. HP: 32/32 MP: 1/16
  3712 | D:3      | Reached skill level 6 in Spellcasting
  4313 | D:4      | Found a stormy altar of Qazlal.
  4853 | D:5      | Entered Level 5 of the Dungeon
  4888 | D:5      | Noticed an ice beast
  5107 | D:5      | Reached skill level 7 in Spellcasting
  5218 | D:5      | Reached XP level 7. HP: 36/36 MP: 12/19
  6015 | D:5      | Reached skill level 1 in Bows
  6028 | D:5      | Reached skill level 1 in Fire Magic
  6418 | D:6      | Reached skill level 8 in Spellcasting
  6928 | D:6      | Found a staircase to the Ecumenical Temple.
  6934 | D:6      | Reached XP level 8. HP: 39/41 MP: 14/22
  6946 | Temple   | Entered the Ecumenical Temple
  7219 | Temple   | Became a worshipper of Sif Muna the Loreminder
  7409 | D:6      | Reached skill level 1 in Fighting
  7946 | D:7      | Noticed a hippogriff
  7948 | D:7      | Reached skill level 9 in Spellcasting
  7991 | D:7      | Killed a hippogriff
  7991 | D:7      | Reached skill level 1 in Conjurations
  8231 | D:7      | Found Umaf's General Store.
  8269 | D:7      | Reached skill level 10 in Spellcasting
  9211 | D:8      | Reached skill level 11 in Spellcasting
  9211 | D:8      | Reached XP level 9. HP: 48/48 MP: 14/26
  9270 | D:7      | Reached * piety under Sif Muna
  9400 | D:8      | Noticed a two-headed ogre
  9423 | D:8      | Killed a two-headed ogre
  9423 | D:8      | Reached skill level 12 in Spellcasting
  9726 | D:8      | Learned a level 2 spell: Blink
  9729 | D:8      | Learned a level 2 spell: Slow
  9734 | D:8      | Learned a level 4 spell: Summon Lightning Spire
  9885 | D:8      | Found a sacrificial altar of Ru.
 10001 | D:8      | Reached skill level 13 in Spellcasting
 10433 | D:8      | Found a basalt altar of Yredelemnul.
 11144 | D:9      | Noticed a troll
 11150 | D:9      | Killed a troll
 11150 | D:9      | Reached skill level 1 in Armour
 11151 | D:9      | Killed from afar by an electric eel

Levels and vault maps discovered:
D:1:      shiori_angband_town, layout_basic
D:2:      layout_basic
D:3:      layout_basic, first_ration, lightli_sewer_entry_pipes
D:4:      layout_rooms, nicolae_overflow_crystal_walls
D:5:      layout_basic
D:6:      layout_cave_pools, minmay_temple_entry_wispy
D:7:      layout_basic, serial_shops, shop, grunt_ogre_cave
D:8:      layout_loops_cross, basic_altar, lemuel_mausoleum_altar_yredelemnul
D:9:      layout_basic, erik_lair_island, minmay_hedge_maze,
          kennysheep_generic_room_16, uniq_grum
Temple:   nicolae_temple_the_god_donut

Skill      XL: |  1  2  3  4  5  6  7  8  9 |
---------------+----------------------------+-----
Poison Magic   | 4 5 6 |  6.0
Spellcasting   | 4 5 7 8 11 13 | 13.7
Air Magic      | 1 2 3 |  3.1
Stealth        | 3 4 |  4.0
Transmutations | 2 |  2.0
Dodging        | 3 4 |  4.0
Bows           | 1 2 3 |  3.5
Fire Magic     | 1 3 |  3.0
Fighting       | 2 |  2.3
Conjurations   | 1 |  1.6
Armour         | 1 |  1.0

Action                   |  1- 3 |  4- 6 |  7- 9 || total
-------------------------+-------+-------+-------++-------
Melee: Unarmed           |     1 |     3 |       ||     4
 Fire: Shortbow          |       |       |    67 ||    67
 Cast: Sting             |    44 |    48 |    32 ||   124
       Poisonous Vapours |    18 |    62 |   117 ||   197
       Olgreb's Toxic Ra |       |     6 |       ||     6
       Mephitic Cloud    |       |     7 |    23 ||    30
       Ignite Poison     |       |     5 |    22 ||    27
       Summon Lightning  |       |       |    15 ||    15
       Blink             |       |       |     8 ||     8
       Slow              |       |       |     2 ||     2
Evoke: Wand              |       |       |     1 ||     1
  Use: Scroll            |       |     8 |     6 ||    14
       Potion            |       |       |     1 ||     1
  Eat: Chunk             |     4 |    11 |    12 ||    27
       Ration            |       |       |     2 ||     2
Armor: Robe              |     1 |     1 |     7 ||     9
Dodge: Dodged            |    11 |    31 |    58 ||   100
Block: Other             |       |       |    14 ||    14

Table legend:
 A = Non-vault XP
 B = Vault XP
 C = Vault XP percentage of total XP
 D = Non-vault monster count
 E = Vault monster count
 F = Vault count percentage of total count
                 A         B        C        D         E       F
            +---------+---------+-------+---------+---------+-------
      Total |    4375 |     999 |  18.6 |     146 |      45 |  23.6
            +---------+---------+-------+---------+---------+-------
        D:1 |      40 |       0 |   0.0 |      20 |       0 |   0.0
        D:2 |      48 |       0 |   0.0 |      13 |       0 |   0.0
        D:3 |     225 |      83 |  26.9 |      22 |      11 |  33.3
        D:4 |     108 |       0 |   0.0 |       9 |       0 |   0.0
        D:5 |     742 |       0 |   0.0 |      26 |       0 |   0.0
        D:6 |     348 |       0 |   0.0 |      16 |       0 |   0.0
        D:7 |     928 |     121 |  11.5 |      19 |       1 |   5.0
        D:8 |    1866 |     488 |  20.7 |      19 |      12 |  38.7
        D:9 |      70 |     200 |  74.1 |       2 |       1 |  33.3
      Sewer |       0 |     107 | 100.0 |       0 |      20 | 100.0
            +---------+---------+-------+---------+---------+-------
